 Dungeon Crawl Stone Soup version 0.19-a0-1886-gd64a0f0 (webtiles) character file.

4 Amnesiac the Stinger (level 1, -34/13 HPs)
             Began as a Demonspawn Wanderer on Oct 16, 2016.
             Killed from afar by a goblin (39 damage)
             ... with an exploding inner flame
             ... hexed by the player character
             ... on level 1 of the Dungeon.
             The game lasted 00:02:22 (485 turns).

Amnesiac the Stinger (Demonspawn Wanderer)           Turns: 485, Time: 00:02:22

Health: -34/13     AC:  2    Str: 16    XL:     1   Next: 50%
Magic:  0/2        EV: 11    Int: 12    God:
Gold:   9          SH:  0    Dex:  9    Spells: 2 memorised, 0 levels left

rFire  . . .     SeeInvis .     b - +2 blowgun
rCold  . . .     Gourm    .     e - +0 robe
rNeg   . . .     Faith    .     (no shield)
rPois  .         Spirit   .     (no helmet)
rElec  .         Dismiss  .     (no cloak)
rCorr  .         Reflect  .     (no gloves)
MR     .....     Harm     .     (no boots)
Stlth  +.........               (no amulet)
                                (no ring)
                                (no ring)

@: very slightly contaminated
A: no striking features
a: no special abilities


You were on level 1 of the Dungeon.
You were not hungry.

You visited 1 branch of the dungeon, and saw 1 of its levels.

You collected 9 gold pieces.

Inventory:

Hand Weapons
 b - a +2 blowgun (weapon)
Missiles
 a - 2 curare-tipped needles (quivered)
Armour
 e - a +0 robe (worn)
Books
 c - the Volume of Lightness

   Spells                             Type                      Level
   a - Shock                          Conjuration/Air              1
   b - Mephitic Cloud                 Conjuration/Poison/Air       3
 d - the Almanac of Envenoming

   Spells                             Type                      Level
   a - Sting                          Conjuration/Poison           1
   b - Spider Form                    Transmutation/Poison         3
Comestibles
 f - a bread ration


   Skills:
   Level 1.0 Axes
 - Level 1.0 Throwing
 - Level 1.7 Armour
 - Level 1.0 Stealth
 - Level 1.0 Spellcasting
 + Level 1.0 Air Magic
 - Level 4.0 Poison Magic


You couldn't memorise any spells.
You knew the following spells:

 Your Spells              Type           Power        Failure   Level  Hunger
a - Shock                 Conj/Air       #...         28%         1    ##.....
f - Sting                 Conj/Pois      #...         14%         1    ##.....


Dungeon Overview and Level Annotations

Branches:
Dungeon (1/15)

Altars:


Message History

Firing (i - inventory):
a - 2 curare-tipped needles (quivered)
Press: ? - help, Shift-Dir - straight line, f/p - goblin
Aim: a goblin, wielding a dagger
Okay, then.
Quiver which item? (- for none, * to show all) (? for menu, Esc to quit)
Okay, then.
As you read the scroll labeled LOSORU DUUTRUS, it crumbles to dust.
The creatures around you are filled with an inner flame!
It was a scroll of immolation.
The goblin hits you with a dagger. The rat barely misses you.
Firing (i - inventory):
a - 2 curare-tipped needles (quivered)
Press: ? - help, Shift-Dir - straight line, f/p - goblin
Aim: a goblin, wielding a dagger (inner flame)
You shoot a curare-tipped needle.
The curare-tipped needle hits the goblin.
The goblin is poisoned.
The goblin convulses.
The goblin explodes!
The fiery explosion engulfs you!
Ouch! That really hurt!
You die...

....####....<....# ..###
#.........############### ##.###
##.......##.............##
##...######...####.##....#......#
.......######### #.##....#......#
..........#....###.##....#......#
...⌠....##..(##.##......##.....>#
........###.###r##......######+##
.......##.g..#§§@#g.....#
##...###..##..####......# #####
#.###### #......#
#.#########...#...#
#....g........#...#
###########.###...# #.# #...# #.#
...# #r# .+


You could see a rat (inner flame).

Vanquished Creatures
  2 goblins (D:1)
  A kobold (D:1)
3 creatures vanquished.

Notes
Turn   | Place    | Note
-------+----------+-------------------------------------------
     0 | D:1      | Amnesiac the Demonspawn Wanderer began the quest for the Orb.
     0 | D:1      | Amnesiac set off with: 2 curare-tipped needles, a +2 blowgun, the Volume of Lightness, the Almanac of Envenoming, a +0 robe, a bread ration
     0 | D:1      | Reached XP level 1. HP: 13/13 MP: 2/2
     0 | D:1      | Identified the Volume of Lightness
     0 | D:1      | Identified the Almanac of Envenoming
     2 | D:1      | Learned a level 1 spell: Shock
     4 | D:1      | Learned a level 1 spell: Sting
   241 | D:1      | Reached skill level 1 in Air Magic
   485 | D:1      | Killed from afar by a goblin

Vault maps used:
D:1:      dpeg_arrival_three_same_balls, minmay_heptomino_d4

Skill      XL: |  1 |
---------------+----+-----
Air Magic      | 1 |  1.0
Axes           | |  1.0
Throwing       | |  1.0
Armour         | |  1.7
Stealth        | |  1.0
Spellcasting   | |  1.0
Poison Magic   | |  4.0

Action                   || total
-------------------------++-------
 Fire: Blowgun           ||     3
 Cast: Sting             ||    12
  Use: Scroll            ||     1
Armor: Robe              ||     2
Dodge: Dodged            ||     9
